 Dungeon Crawl Stone Soup version 0.26-a0-931-g326f72de0d (console) character file.

Game seed: 9852249948327792085

210 jejorda2 the Shield-Bearer (level 5, 0/61 HPs)
             Began as a Vampire Fighter on Nov 26, 2020.
             Succumbed to an adder's poison
             ... on level 3 of the Dungeon.
             The game lasted 00:08:33 (1945 turns).

jejorda2 the Shield-Bearer (Vampire Fighter)        Turns: 1945, Time: 00:08:33

Health: 0/61       AC:  9    Str: 12    XL:     5   Next: 56%
Magic:  5/5        EV:  3    Int: 10    God:
Gold:   120        SH:  9    Dex: 14    Spells: 4/4 levels left

rFire    . . .     SeeInvis +   a - +0 long sword
rCold    . . .     Faith    .   c - +0 kite shield
rNeg     . . .     Spirit   .   r - +0 chain mail
rPois    .         Reflect  .   (no helmet)
rElec    .         Harm     .   (no cloak)
rCorr    .         Rampage  .   (no gloves)
MR       +....                  (no boots)
Stlth    ..........             (no amulet)
HPRegen  0.40/turn              h - ring of protection from magic
MPRegen  0.09/turn              i - -4 ring of strength (curse)

@: berserking (expiring), lethally poisoned (0 -> -2), regenerating quickly,
very quick
A: fangs 3, see invisible, unbreathing
a: Exsanguinate


You were on level 3 of the Dungeon.
You visited 1 branch of the dungeon, and saw 3 of its levels.

You collected 120 gold pieces.

Inventory:

Hand Weapons
 a - a +0 long sword (weapon)
Missiles
 e - 28 stones
 k - 5 poisoned darts (quivered)
Armour
 c - a +0 kite shield (worn)
 r - a +0 chain mail (worn)
Jewellery
 h - a ring of protection from magic (left hand)
 i - a cursed -4 ring of strength (right hand)
Scrolls
 f - 8 scrolls of identify {unknown}
 g - a scroll of random uselessness {unknown}
 q - a scroll of teleportation {unknown}
Potions
 b - a potion of ambrosia {unknown}
 d - 3 potions of might
 j - a potion of curing {unknown}
 m - 2 potions of lignification {unknown}
 n - 2 potions of cancellation {unknown}
 o - a potion of haste {unknown}
 p - a potion of heal wounds {unknown}


   Skills:
 + Level 3.4 Fighting
 * Level 3.8 Long Blades
 + Level 3.0 Armour
 * Level 3.9 Shields


You had 4 spell levels left.
You didn't know any spells.
Your spell library was empty.

Dungeon Overview and Level Annotations

Branches:
Dungeon (3/15)

Altars:
Qazlal


Innate Abilities, Weirdness & Mutations

Your natural rate of healing is unusually fast.
You have razor-sharp teeth.
You have supernaturally acute eyesight. (SInv)
You can survive without breathing.


Message History

The killer bee stings you.
* * * LOW HITPOINT WARNING * * *
A ball python comes into view.
You slash the killer bee!
You kill the killer bee!
Your Armour skill increases to level 3!
You closely miss the adder.
You feel sick. The adder barely misses you.
You closely miss the adder. The adder bites you.
* * * LOW HITPOINT WARNING * * *
You closely miss the adder. The adder bites you.
* * * LOW HITPOINT WARNING * * *
You are more poisoned.
The adder poisons you! You block the adder's attack.
You slash the adder!
You kill the adder!
* * * LOW HITPOINT WARNING * * *
You feel sick.
You closely miss the jackal. You bite the jackal.
You kill the jackal!
You die...

#..# ##...###.# .. #..#
###.....# ..###..# #.#..##
...#..# #....#### #.#..#
##...#... #....# #..##...
##...# #...#..[
..####..#.##############...[...
..........rh.†@......))).#.#...
#####.#....#############.#.....
# ###....# ..#.#.## ....#.#
.###.#..# ###..#.# #. #.##.#
#..# # # #.. .# #.## ### .# ...
..


You could see a jackal and a rat.

Vanquished Creatures
  A killer bee (D:3)
  An orc priest (D:3)
  3 adders
  3 gnolls
  An ooze (D:3)
  3 worms (D:2)
  2 dart slugs (D:1)
  2 leopard geckos (D:2)
  6 orcs (D:3)
  2 giant cockroaches
  6 goblins
  6 hobgoblins
  7 jackals
  6 kobolds
  A quokka (D:2)
  6 bats
  2 frilled lizards
  3 rats (D:1)
61 creatures vanquished.

Vanquished Creatures (others)
  79 plants (D:1)
79 creatures vanquished.

Grand Total: 140 creatures vanquished

Notes
Turn   | Place    | Note
-------+----------+-------------------------------------------
     0 | D:1      | jejorda2 the Vampire Fighter began the quest for the Orb.
     0 | D:1      | Reached XP level 1. HP: 17/17 MP: 1/1
   429 | D:1      | Reached XP level 2. HP: 23/23 MP: 2/2
  1049 | D:2      | Reached XP level 3. HP: 27/28 MP: 3/3
  1073 | D:2      | Found a stormy altar of Qazlal.
  1286 | D:1      | Reached XP level 4. HP: 30/35 MP: 4/4
  1852 | D:3      | Reached XP level 5. HP: 36/41 MP: 5/5
  1941 | D:3      | HP: 3/61 [poisoned by a killer bee]
  1943 | D:3      | HP: 1/61 [adder (1)]
  1945 | D:3      | Succumbed to an adder's poison

Illustrated notes

Levels and vault maps discovered:
D:1:      roderic_crop_circles_arrival_large, layout_basic, serial_curves,
          eino_curves_03, eino_curves_03, st_stairs_8, moated_statue,
          minmay_cut_off
D:2:      layout_rooms, old_standard_altar
D:3:      layout_rooms, gammafunk_ghost_grave, grunt_ministairs_2

Skill      XL: |  1  2  3  4  5 |
---------------+----------------+-----
Shields        | 3 |  3.9
Fighting       | 3 |  3.4
Long Blades    | 3 |  3.8
Armour         | 3 |  3.0

Action                   |  1- 3 |  4- 6 || total
-------------------------+-------+-------++-------
Melee: Long sword        |   133 |    94 ||   227
       Bite              |    17 |     7 ||    24
Throw: Stone             |     5 |       ||     5
       Dart              |     5 |       ||     5
  Use: Potion            |       |     1 ||     1
Armor: Scale mail        |    68 |    34 ||   102
       Chain mail        |       |    15 ||    15
Dodge: Dodged            |    30 |    24 ||    54
Block: Kite shield       |    72 |    43 ||   115
       Rpst.: Long sword |     7 |     8 ||    15

Table legend: (Time is in decaauts)
 A = Elapsed time spent in this place.
 B = Non-inter-level travel time spent in this place.
 C = Inter-level travel time spent in this place.
 D = Time resting spent in this place.
 E = Time spent auto-exploring this place.
 F = Levels seen in this place.
 G = Mean time per level.
                   A        B        C        D        E       F      G
               +--------+--------+--------+--------+--------+-----+--------+
         Total |   2020 |   1942 |     78 |      0 |   1367 |   3 |  673.3 |
       Dungeon |   2020 |   1942 |     78 |      0 |   1367 |   3 |  673.3 |
               +--------+--------+--------+--------+--------+-----+--------+

Top non-repeatable levels by time:
     D:1: 1062 daAuts
     D:2: 639 daAuts
     D:3: 319 daAuts
